 Dungeon Crawl Stone Soup version 0.26-a0-660-gc07710193c (webtiles) character file.

Game seed: 12169778760475316417

193 oldriver the Skirmisher (level 5, 0/34 HPs)
             Began as a Gargoyle Fighter on Oct 6, 2020.
             Was a Follower of Ru.
             Slain by a gnoll
             ... wielding a +0 halberd
              (9 damage)
             ... on level 2 of the Dungeon.
             The game lasted 00:02:52 (2735 turns).

oldriver the Skirmisher (Gargoyle Fighter)          Turns: 2735, Time: 00:02:53

Health: 0/34       AC: 12    Str: 19    XL:     5   Next: 72%
Magic:  5/5        EV:  7    Int:  9    God:    Ru [*.....]
Gold:   132        SH:  9    Dex: 10    Spells: 4/4 levels left

rFire    . . .     SeeInvis .   a - +0 flail
rCold    . . .     Faith    .   c - +0 kite shield
rNeg     + . .     Spirit   .   b - +0 scale mail
rPois    ∞         Reflect  .   (no helmet)
rElec    +         Harm     .   (no cloak)
rCorr    .         Rampage  .   (no gloves)
MR       .....                  j - +0 pair of boots
Stlth    ..........             (no amulet)
HPRegen  0.11/turn              (no ring)
MPRegen  0.09/turn              (no ring)

@: no status effects
A: negative energy resistance 1, electricity resistance, unbreathing,
petrification resistance, rot immunity, hated by all, AC +4
a: Renounce Religion


You were on level 2 of the Dungeon.
You worshipped Ru.
Ru was aware of your devotion.
You visited 1 branch of the dungeon, and saw 3 of its levels.

You collected 132 gold pieces.

Inventory:

Hand Weapons
 a - a +0 flail (weapon)
Armour
 b - a +0 scale mail (worn)
 c - a +0 kite shield (worn)
 j - a +0 pair of boots (worn)
Scrolls
 g - 3 scrolls of blinking {unknown}
 i - a scroll of identify {unknown}
 k - a scroll of immolation {unknown}
 m - a scroll of enchant weapon {unknown}
 n - 2 scrolls of noise {unknown}
 o - 2 scrolls of remove curse {unknown}
 p - a scroll of random uselessness {unknown}
Potions
 d - a potion of might
 e - a potion of mutation {unknown}
 f - 2 potions of flight {unknown}
 h - a potion of ambrosia {unknown}
 l - a potion of invisibility {unknown}
 q - a potion of degeneration {unknown}


   Skills:
 * Level 4.4 Fighting
 * Level 4.1 Maces & Flails
 + Level 3.6 Armour
 + Level 0.6 Dodging
 + Level 0.5 Stealth
 + Level 3.9 Shields


You had 4 spell levels left.
You didn't know any spells.
Your spell library was empty.

Dungeon Overview and Level Annotations

Branches:
Dungeon (3/15)

Altars:
Kikubaaqudgha
Ru


Innate Abilities, Weirdness & Mutations

You are resistant to torment.
Your stone body is resilient. (AC +4)
You are immune to poison.
You resist negative energy. (rN+)
You are resistant to electric shocks. (rElec)
You can survive without breathing.
You are immune to petrification.
You are immune to rotting.
You are hated by all.


Message History

The gnoll is severely wounded.
You redirect the gnoll's attack!
The gnoll closely misses itself.
You closely miss the gnoll.
The gnoll is severely wounded.
The gnoll hits you with a +0 halberd.
* * * LOW HITPOINT WARNING * * *
You hit the gnoll but do no damage.
The gnoll is severely wounded.
The gnoll hits you but does no damage.
You closely miss the gnoll.
The gnoll is severely wounded.
You block the gnoll's attack.
You closely miss the gnoll.
The gnoll is severely wounded.
You block the gnoll's attack.
You hit the gnoll.
The gnoll is almost dead.
The gnoll hits you with a +0 halberd!
You die...

≈#.#.......##.#.....#.####[....#.
≈#..(..#.#.##......##.# #.###.#.
≈#....#..#.####.).###.# ##.###.#.
≈#.......#.# #...###.###...##.#.
###..##.##.## #[..##..)..._......
##........# #...##.#.##...###..
###........###...##.#.###.## #..
##..##.........).g...#.###.# #.#
.##.#......))...@....#.....####..
.##.#............)...#####.......
.....#######'#########.#....#.##.
###.##.............# #.#......##.
....##...........[.# #.###...###.
######..(..........# #.###.#>###.
#...⌠♣♣♣♣♣⌠...# #.[.........
######...♣♣ ♣♣...# ####........
.....#...♣ ♣...#####..'######


You could see a gnoll.

Vanquished Creatures
  An orc wizard (D:3)
  2 gnolls
  5 adders
  2 worms
  A dart slug (D:2)
  A leopard gecko (D:3)
  5 orcs
  4 giant cockroaches
  7 goblins
  10 hobgoblins
  13 jackals
  2 quokkas
  3 bats
  8 frilled lizards
  9 kobolds
  9 rats
  2 rat zombies (D:2)
84 creatures vanquished.

Notes
Turn   | Place    | Note
-------+----------+-------------------------------------------
     0 | D:1      | oldriver the Gargoyle Fighter began the quest for the Orb.
     0 | D:1      | Reached XP level 1. HP: 14/14 MP: 1/1
   423 | D:1      | Reached XP level 2. HP: 15/19 MP: 2/2
   999 | D:1      | Reached XP level 3. HP: 20/24 MP: 3/3
  1475 | D:2      | Found a sacrificial altar of Ru.
  1491 | D:2      | Became a worshipper of Ru the Awakened
  1621 | D:2      | Reached XP level 4. HP: 28/29 MP: 4/4
  2014 | D:2      | Found an ancient bone altar of Kikubaaqudgha.
  2266 | D:3      | Reached XP level 5. HP: 33/33 MP: 5/5
  2543 | D:3      | Gained mutation: You are hated by all. [Ru sacrifice]
  2543 | D:3      | Reached * piety under Ru
  2735 | D:2      | Slain by a gnoll

Illustrated notes

Levels and vault maps discovered:
D:1:      heliophobic_arrival_glass_houses, layout_basic,
          minmay_misc_feat_enclosed, minivault_5, corexii_corridor_pit
D:2:      layout_loops_cross, lemuel_zombie_altar_kikubaaqudgha,
          nicolae_overflow_crystal_walls, kennysheep_path_1, minmay_3d_cube
D:3:      layout_basic

Skill      XL: |  1  2  3  4  5 |
---------------+----------------+-----
Fighting       | 4 |  4.4
Maces & Flails | 3 4 |  4.1
Armour         | |  3.6
Dodging        | |  0.6
Stealth        | |  0.5
Shields        | |  3.9

Action                   |  1- 3 |  4- 6 || total
-------------------------+-------+-------++-------
Melee: Flail             |    92 |   201 ||   293
Invok: Sacrifice Love    |       |     1 ||     1
Armor: Scale mail        |    44 |   130 ||   174
Dodge: Dodged            |    17 |    77 ||    94
Block: Kite shield       |    48 |   133 ||   181

Table legend: (Time is in decaauts)
 A = Elapsed time spent in this place.
 B = Non-inter-level travel time spent in this place.
 C = Inter-level travel time spent in this place.
 D = Time resting spent in this place.
 E = Time spent auto-exploring this place.
 F = Levels seen in this place.
 G = Mean time per level.
                   A        B        C        D        E       F      G
               +--------+--------+--------+--------+--------+-----+--------+
         Total |   2832 |   2815 |     17 |    215 |   1998 |   3 |  944.0 |
       Dungeon |   2832 |   2815 |     17 |    215 |   1998 |   3 |  944.0 |
               +--------+--------+--------+--------+--------+-----+--------+

Top non-repeatable levels by time:
     D:1: 1415 daAuts
     D:2: 1022 daAuts
     D:3: 394 daAuts
